 Dungeon Crawl Stone Soup version 0.30-a0-793-g160f7cfddd (webtiles) character file.

Game seed: 1632878932975212968

1309 PLAYERX the Skirmisher (level 8, 0/57 HPs)
             Began as a Gnoll Wanderer on Feb 18, 2023.
             Was a Follower of Hepliaklqana.
             Slain by a deep troll (20 damage)
             ... on level 6 of the Dungeon on Feb 19, 2023.
             The game lasted 00:33:41 (6047 turns).

PLAYERX the Skirmisher (Gnoll Wanderer)             Turns: 6047, Time: 00:33:41

Health: 0/57       AC: 13    Str: 16    XL:     8   Next: 58%
Magic:  13/13      EV:  6    Int: 10    God:    Hepliaklqana [*.....]
Gold:   228        SH:  5    Dex: 17    Spells: 14/14 levels left

rFire   . . .      SeeInvis .    a - +3 scythe (heavy) {Sigmund's best ^-^}
rCold   . . .      Faith    .    (shield currently unavailable)
rNeg    . . .      Spirit   .    d - +0 plate armour
rPois   .          Reflect  +    (no helmet)
rElec   .          Harm     .    (no cloak)
rCorr   .          Rampage  .    (no gloves)
Will    .....                    j - +1 pair of boots of the Bursted Dragon {Fly} Stlth
                                 y - amulet of reflection
HPRegen 0.29/turn                x - +6 ring of dexterity
MPRegen 0.13/turn                (no ring)

@: flying
A: reduced essence, fangs 1, strong nose, distributed training
a: Renounce Religion, Recall Ancestor, Ancestor Identity


You were on level 6 of the Dungeon.
You worshipped Hepliaklqana.
Hepliaklqana was aware of your devotion.
You visited 2 branches of the dungeon, and saw 7 of its levels.
You also visited: Sewer.

You collected 228 gold pieces.

Inventory:

Hand Weapons
 a - a +3 heavy scythe (weapon) {Sigmund's best ^-^}
 b - a +2 antimagic dagger
Armour
 d - a +0 plate armour (worn)
 j - the +1 pair of boots of the Bursted Dragon (worn) {Fly}
   (You acquired it on level 6 of the Dungeon)

   Fly:       It grants you flight.
Jewellery
 x - a +6 ring of dexterity (left hand)
 y - an amulet of reflection (around neck)
 F - a ring of protection from fire
Wands
 f - a wand of flame (1) (quivered)
 h - a wand of polymorph (8)
 w - a wand of charming (2)
Scrolls
 i - 7 scrolls of identify {unknown}
 m - a scroll of poison
 u - a scroll of magic mapping
 B - a scroll of teleportation
 C - a scroll of noise
Potions
 c - 3 potions of curing
 e - 2 potions of mutation {unknown}
 g - a potion of might {unknown}
 l - 2 potions of attraction {unknown}
 n - 2 potions of flight {unknown}
 o - a potion of heal wounds {unknown}
 q - a potion of lignification {unknown}
 t - a potion of cancellation {unknown}
 v - 3 potions of brilliance {unknown}
 A - a potion of haste {unknown}
 D - 2 potions of magic {unknown}
 E - a potion of invisibility


   Skills:
 + Level 5.8 Fighting
 + Level 3.5 Short Blades
 + Level 3.5 Long Blades
 + Level 3.5 Axes
 + Level 3.5 Maces & Flails
 + Level 3.5 Polearms
 + Level 3.5 Staves
 + Level 11.0 Ranged Weapons
 + Level 3.5 Throwing
 + Level 3.5 Armour
 + Level 3.5 Dodging
 + Level 3.5 Stealth
 + Level 3.5 Shields
 + Level 3.5 Unarmed Combat
 + Level 3.5 Spellcasting
 + Level 2.9 Conjurations
 + Level 2.9 Hexes
 + Level 2.9 Summonings
 + Level 2.9 Necromancy
 + Level 2.9 Translocations
 + Level 2.9 Transmutations
 + Level 2.9 Fire Magic
 + Level 2.9 Ice Magic
 + Level 2.9 Air Magic
 + Level 2.9 Earth Magic
 + Level 2.9 Poison Magic
 + Level 4.7 Invocations
 + Level 5.8 Evocations


You had 14 spell levels left.
You didn't know any spells.
Your spell library contained the following spells:

 Spells                   Type           Power      Damage    Failure   Level
 Sandblast                Erth           14%        2d6       99%         1
 Passwall                 Tmut/Erth      5%         N/A       100%        2
 Stone Arrow              Conj/Erth      14%        3d7       100%        3
 Olgreb's Toxic Radiance  Pois           7%         N/A       100%        4
 Ozocubu's Refrigeration  Ice            3%         4d8       100%        7
 Ignition                 Fire           3%         3d4       100%        8


Dungeon Overview and Level Annotations

Branches:
Dungeon (6/15)             Temple (1/1) D:4           Sewer (visited)

Altars:
Cheibriados
Dithmenos
Elyvilon
Fedhas
Hepliaklqana
Kikubaaqudgha
Nemelex Xobeh
Okawaru
Qazlal
Sif Muna
Vehumet
Xom
Yredelemnul
Zin
The Shining One

Shops:
D:1 [


Innate Abilities, Weirdness & Mutations

Your life essence is reduced to manifest your ancestor. (-10% HP)
You have very sharp teeth.
Your uncanny sense of smell can sniff out nearby items.
Your experience applies equally to all skills.


Message History

It was a scroll of fear.
You start resting.
Ancestor HP restored.
You start waiting.
A two-headed ogre comes into view.
It is wielding a +0 giant club and a +0 giant spiked club.
Aiming: Polymorph
Press: ? - help, Shift-Dir - straight line, f - two-headed ogre
Aim: a two-headed ogre, wielding a +0 giant club and a +0 giant spiked club (ally target, will become a deep troll, a cyclops, or a water nymph, chance to affect: 46%)
The two-headed ogre evaporates and reforms as a deep troll!
You feel your willpower return.
Things that are here:
a +0 shortbow; a centaur corpse You hit the deep troll.
The deep troll is lightly wounded.
PLAYERY hits the deep troll.
The deep troll bites you but does no damage.
The deep troll claws you.
The deep troll claws you but does no damage.
PLAYERY barely misses the deep troll.
You impale the deep troll!!
The deep troll is severely wounded.
The deep troll bites you but does no damage.
You block the deep troll's attack. The deep troll completely misses you.
PLAYERY hits the deep troll.
The deep troll bites you!
The deep troll claws you. x2; PLAYERY barely misses the deep troll.
You barely miss the deep troll. Your bite misses the deep troll.
The deep troll is severely wounded.
The deep troll bites you. The deep troll claws you! The deep troll claws you.
PLAYERY hits the deep troll.
The deep troll bites PLAYERY!!
The deep troll claws PLAYERY!
PLAYERY is destroyed!
You catch the helpless deep troll completely off-guard!
You puncture the deep troll! Your bite misses the deep troll.
The deep troll is almost dead.
The deep troll bites you but does no damage.
The deep troll completely misses you. The deep troll claws you.
The deep troll bites you!!
You die...

*,,,,* *,,,* ****,**
**,,,,***#*** *,,,* *,,,,,,
**,***,,,,,.,* *,*,* *,**,**
*,*,,,,****#.##**,*,***# *,**,,,
**,***,***##.#),,,*,,,.##**,*****
,,,* *,,,,,....#######..,,,,,,,,,
**** *,,*,**,.....#....#*,*,,,,,,
*,,,,,,,,#T..#..#.#,,,,,**,,
**,*,,**,#.@.#....#,,*****,,
*,**,**,#.......#*,∆*****,,
*,**,**,#...<(..#*,,,,,,,,,
*,,,,,,,#.......#*,*****,*,
****,***#.......#*,,,* *,*, *,*
#.......#***,* *,,, *,* #.......#
*,* **** ****,***#.......# *,*
*,,,,,,,#.......#***,*


You could see a deep troll.

Vanquished Creatures
  Sigmund (D:3)
  Duvessa (D:4)
  An ice beast (D:5)
  A centaur (D:6)
  A necrophage (D:5)
  2 scorpions
  Dowan (D:4)
  2 hounds (D:4)
  A jelly (D:6)
  2 orc priests
  3 iguanas (D:5)
  Terence (D:3)
  3 orc wizards
  9 adders
  An ufetubus (D:5)
  An adder skeleton (D:2)
  3 adder zombies (D:2)
  5 worms
  4 dart slugs
  18 orcs
  2 bat skeletons (D:2)
  2 bat zombies (D:2)
  3 endoplasms
  3 giant cockroaches
  7 goblins
  6 hobgoblins
  6 jackals
  12 kobolds
  A quokka (D:1)
  7 ball pythons
  A ball python skeleton (D:2)
  A ball python zombie (D:2)
  12 bats
  6 frilled lizards
  A giant cockroach zombie (D:2)
  2 quokka zombies (D:2)
  6 rats
139 creatures vanquished.

Vanquished Creatures (collateral kills)
  A hound (D:5)
  A jelly (D:5)
  An orc (D:5)
  A giant cockroach (Sewer)
  2 kobolds (Sewer)
  2 rats (Sewer)
8 creatures vanquished.

Vanquished Creatures (others)
  3 ancestors
  A goblin (D:3)
  6 withered plants (D:2)
10 creatures vanquished.

Grand Total: 157 creatures vanquished

Notes
Turn   | Place    | Note
-------+----------+-------------------------------------------
     0 | D:1      | Reached skill level 10 in Ranged Weapons
     0 | D:1      | PLAYERX the Gnoll Wanderer began the quest for the Orb.
     0 | D:1      | PLAYERX set off with the following items: a +1 shortbow, a
                  | wand of flame (7), a potion of curing, a +0 leather armour.
     0 | D:1      | Reached XP level 1. HP: 20/20 MP: 2/2
    45 | D:1      | Found Doaps's Antique Armour Emporium.
   126 | D:1      | Reached XP level 2. HP: 26/26 MP: 3/3
   136 | D:1      | Upgraded the game from 0.30-a0-782-ge64f9170bb to
                  | 0.30-a0-793-g160f7cfddd
   269 | D:1      | Found a faded altar of an unknown god.
   566 | D:1      | Reached XP level 3. HP: 30/31 MP: 4/4
   884 | D:2      | Found a shimmering altar of Xom.
  1350 | D:2      | Reached skill level 1 in Short Blades
  1350 | D:2      | Reached skill level 1 in Long Blades
  1350 | D:2      | Reached skill level 1 in Axes
  1350 | D:2      | Reached skill level 1 in Maces & Flails
  1350 | D:2      | Reached skill level 1 in Polearms
  1350 | D:2      | Reached skill level 1 in Staves
  1350 | D:2      | Reached skill level 1 in Throwing
  1350 | D:2      | Reached skill level 1 in Armour
  1350 | D:2      | Reached skill level 1 in Dodging
  1350 | D:2      | Reached skill level 1 in Stealth
  1350 | D:2      | Reached skill level 1 in Shields
  1350 | D:2      | Reached skill level 1 in Unarmed Combat
  1350 | D:2      | Reached skill level 1 in Spellcasting
  1408 | D:2      | Reached XP level 4. HP: 38/38 MP: 6/6
  1505 | D:2      | Reached skill level 1 in Conjurations
  1505 | D:2      | Reached skill level 1 in Hexes
  1505 | D:2      | Reached skill level 1 in Summonings
  1505 | D:2      | Reached skill level 1 in Necromancy
  1505 | D:2      | Reached skill level 1 in Translocations
  1505 | D:2      | Reached skill level 1 in Transmutations
  1505 | D:2      | Reached skill level 1 in Fire Magic
  1505 | D:2      | Reached skill level 1 in Ice Magic
  1505 | D:2      | Reached skill level 1 in Air Magic
  1505 | D:2      | Reached skill level 1 in Earth Magic
  1505 | D:2      | Reached skill level 1 in Poison Magic
  2373 | D:3      | Noticed Sigmund
  2388 | D:3      | Reached XP level 5. HP: 27/43 MP: 7/7
  2399 | D:3      | Killed Sigmund
  2400 | D:3      | Reached skill level 5 in Fighting
  2400 | D:3      | Reached skill level 5 in Evocations
  2400 | D:3      | Reached XP level 6. HP: 23/51 MP: 7/9
  2579 | D:3      | Found a glowing golden altar of the Shining One.
  3286 | D:3      | Noticed Terence
  3292 | D:3      | Killed Terence
  3408 | D:3      | Found a faded altar of an unknown god.
  3408 | D:3      | Found a hazy altar of Hepliaklqana.
  3410 | D:3      | Found a faded altar of an unknown god.
  3454 | D:3      | Became a worshipper of Hepliaklqana the Forgotten
  3720 | D:4      | Found a basalt altar of Yredelemnul.
  3741 | D:4      | Noticed Duvessa
  3741 | D:4      | Noticed Dowan
  3751 | D:4      | Your ally Dowan died
  3752 | D:4      | Reached XP level 7. HP: 46/56 MP: 7/10
  3755 | D:4      | Killed Duvessa
  4055 | D:4      | Found a stormy altar of Qazlal.
  4148 | D:4      | Found an iron altar of Okawaru.
  4148 | D:4      | Found a sparkling altar of Nemelex Xobeh.
  4404 | D:4      | Found a staircase to the Ecumenical Temple.
  4410 | Temple   | Entered the Ecumenical Temple
  4527 | D:5      | Entered Level 5 of the Dungeon
  4649 | D:5      | Found a white marble altar of Elyvilon.
  4675 | D:5      | Reached * piety under Hepliaklqana
  4867 | D:5      | Found a glowing drain.
  4888 | Sewer    | Entered a sewer
  5330 | D:5      | Reached XP level 8. HP: 56/56 MP: 12/12
  5755 | D:5      | Reached skill level 11 in Ranged Weapons
  5985 | D:6      | Identified a scroll of acquirement
  5985 | D:6      | Acquired the +1 pair of boots of the Bursted Dragon {Fly}
  6040 | D:6      | Noticed a two-headed ogre
  6041 | D:6      | a two-headed ogre changed into a deep troll
  6041 | D:6      | Noticed a deep troll
  6047 | D:6      | Slain by a deep troll

Illustrated notes

Levels and vault maps discovered:
D:1:      saegor_arrival_simple_c, layout_loops_ring,
          hellmonk_ecumenical_altar_arch_garden, serial_shops,
          nicolae_shop_crystal
D:2:      layout_loops_corners, basic_altar, serial_undead, serial_undead_b,
          serial_undead_f, serial_undead_e, serial_undead_c, serial_undead_c,
          serial_undead_f, serial_undead_e, serial_undead_a, serial_undead_f,
          serial_undead_b
D:3:      layout_loops_ring, nicolae_hepliaklqana_ecumenical_no_more,
          nicolae_tso_carved_into_rock, nicolae_eternal_life,
          minmay_misc_feat_cross, kennysheep_generic_room_2, uniq_sigmund,
          uniq_terence
D:4:      layout_basic, mainiacjoe_overflow_alcove_2,
          nicolae_qazlal_eye_of_the_storm,
          chequers_temple_overflow_statue_of_worship, minmay_temple_entry_fiery,
          kennysheep_generic_room_8, uniq_duvessa
D:5:      layout_basic, mainiacjoe_overflow_alcove_4,
          cheibrodos_sewer_entry_sluice
D:6:      layout_loops_cross, mainiacjoe_overflow_concentric_impassable,
          general_overflow_altar, uniq_edmund
Temple:   hellmonk_temple_rainy

Skill      XL: |  1  2  3  4  5  6  7  8 |
---------------+-------------------------+-----
Ranged Weapons | 11 | 11.0
Short Blades   | 1 2 3 |  3.5
Long Blades    | 1 2 3 |  3.5
Axes           | 1 2 3 |  3.5
Maces & Flails | 1 2 3 |  3.5
Polearms       | 1 2 3 |  3.5
Staves         | 1 2 3 |  3.5
Throwing       | 1 2 3 |  3.5
Armour         | 1 2 3 |  3.5
Dodging        | 1 2 3 |  3.5
Stealth        | 1 2 3 |  3.5
Shields        | 1 2 3 |  3.5
Unarmed Combat | 1 2 3 |  3.5
Spellcasting   | 1 2 3 |  3.5
Conjurations   | 1 2 |  2.9
Hexes          | 1 2 |  2.9
Summonings     | 1 2 |  2.9
Necromancy     | 1 2 |  2.9
Translocations | 1 2 |  2.9
Transmutations | 1 2 |  2.9
Fire Magic     | 1 2 |  2.9
Ice Magic      | 1 2 |  2.9
Air Magic      | 1 2 |  2.9
Earth Magic    | 1 2 |  2.9
Poison Magic   | 1 2 |  2.9
Invocations    | 3 4 |  4.7
Fighting       | 5 |  5.8
Evocations     | 5 |  5.8

Action                     |  1- 3 |  4- 6 |  7- 9 || total
---------------------------+-------+-------+-------++-------
  Melee: Dagger            |   171 |   122 |       ||   293
         Bite              |    16 |    11 |    11 ||    38
         Punch             |     3 |     2 |       ||     5
         Halberd           |       |    83 |   143 ||   226
         Unarmed           |       |     5 |     2 ||     7
   Fire: Shortbow          |    11 |       |       ||    11
 Invoke: Ancestor Identity |       |       |     1 ||     1
  Evoke: Wand              |       |     7 |     2 ||     9
    Use: Potion            |       |     3 |       ||     3
         Scroll            |       |       |    11 ||    11
   Stab: Invisible         |       |     1 |       ||     1
         Confused          |       |     2 |       ||     2
         Distracted        |       |       |     2 ||     2
 Armour: Leather armour    |    20 |       |       ||    20
         Plate armour      |    71 |   151 |    91 ||   313
         Skin              |       |     1 |       ||     1
  Dodge: Dodged            |    75 |    46 |    33 ||   154
  Block: Other             |       |       |    32 ||    32

Table legend: (Time is in decaauts)
 A = Elapsed time spent in this place.
 B = Non-inter-level travel time spent in this place.
 C = Inter-level travel time spent in this place.
 D = Time resting spent in this place.
 E = Time spent auto-exploring this place.
 F = Levels seen in this place.
 G = Mean time per level.
                   A        B        C        D        E       F      G
               +--------+--------+--------+--------+--------+-----+--------+
         Total |   6044 |   5985 |     59 |    706 |   2862 |   8 |  755.5 |
       Dungeon |   5692 |   5633 |     59 |    706 |   2705 |   6 |  948.7 |
        Temple |     79 |     79 |      0 |      0 |      9 |   1 |   79.0 |
         Sewer |    272 |    272 |      0 |      0 |    147 |   1 |  272.0 |
               +--------+--------+--------+--------+--------+-----+--------+

Top non-repeatable levels by time:
     D:3: 1348 daAuts
     D:2: 1344 daAuts
     D:5: 1167 daAuts
     D:4: 866 daAuts
     D:1: 859 daAuts
   Sewer: 272 daAuts
     D:6: 106 daAuts
  Temple: 79 daAuts
